 Dungeon Crawl Stone Soup version 0.22.0-38-g04b72b8 (webtiles) character file.

21 Marcoleric the Conjurer (level 2, 0/11 HPs)
             Began as a Felid Conjurer on Aug 27, 2018.
             Slain by a jackal (1 damage)
             ... on level 2 of the Dungeon.
             The game lasted 00:05:18 (983 turns).

Marcoleric the Conjurer (Felid Conjurer)             Turns: 983, Time: 00:05:19

Health: 0/11       AC:  1    Str:  4    XL:     2   Next: 65%
Magic:  1/6        EV: 18    Int: 16    God:
Gold:   44         SH:  0    Dex: 16    Spells: 4/5 levels left
                                        Lives:  0   Deaths: 0

rFire    . . .     SeeInvis +   (weapon unavailable)
rCold    . . .     Gourm    .   (shield unavailable)
rNeg     . . .     Faith    .   (armour unavailable)
rPois    .         Spirit   .   (helmet unavailable)
rElec    .         Reflect  .   (cloak unavailable)
rCorr    .         Harm     .   (gloves unavailable)
MR       .....                  (boots unavailable)
Stlth    +++.......             (no amulet)
HPRegen  0.03/turn              (no ring)
MPRegen  0.10/turn              (no ring)

@: very slightly contaminated, quick
A: very small, no armour, no weapons or thrown items, stealth, claws 1, fangs 3,
see invisible, carnivore, speed 1, shaggy fur 1, slow metabolism 1, sharp paws
a: no special abilities


You were on level 2 of the Dungeon.
You were not hungry.

You visited 1 branch of the dungeon, and saw 2 of its levels.

You collected 44 gold pieces.

Inventory:

Hand Weapons
 h - a +0 dagger
 i - a +0 whip
Armour
 d - a +0 helmet
Scrolls
 a - a scroll of identify
 c - a scroll of fog
 g - a scroll of teleportation {unknown}
Potions
 e - a potion of haste {unknown}
 f - a potion of berserk rage {unknown}
Comestibles
 b - 3 rations


   Skills:
 + Level 0.1 Fighting
 + Level 2.9 Dodging
 + Level 3.1 Stealth
 + Level 0.2 Unarmed Combat
 + Level 2.1 Spellcasting
 + Level 4.0 Conjurations


You had 4 spell levels left.
You knew the following spells:

 Your Spells              Type           Power        Failure   Level  Hunger
a - Magic Dart            Conj           ##..         3%          1    #......

Your spell library contained the following spells:

 Spells                   Type           Power        Failure   Level  Hunger
 Searing Ray              Conj           ##....       6%          2    ###....
 Dazzling Spray           Conj/Hex       #.....       26%         3    ###....
 Iskenderun's Mystic Bla  Conj           ##......     36%         4    #####..
 Force Lance              Conj/Tloc      #.......     65%         4    #####..
 Fulminant Prism          Conj/Hex       #.........   65%         4    #####..


Dungeon Overview and Level Annotations

Branches:
Dungeon (2/15)

Altars:


Innate Abilities, Weirdness & Mutations

You cannot wear armour.
You are incapable of wielding weapons or throwing items.
Your paws allow you to move quietly. (Stealth)
You have sharp claws.
You have razor-sharp teeth.
You have supernaturally acute eyesight. (SInv)
You are carnivorous and can eat meat at any time.
You cover ground quickly.
You are covered in fur. (AC +1)
You have a slow metabolism.
Your sharp claws are effective at attacking unaware monsters.


Message History

Confirm with . or Enter, or press ? or * to list all spells.
Aiming: Magic Dart (safe; 3% risk of failure)
Press: ? - help, Shift-Dir - straight line, f/p - jackal
Aim: a jackal The magic dart hits the jackal.
The jackal is heavily wounded.
The jackal barely misses you.
You scratch the jackal.
The jackal is severely wounded.
The jackal misses you. x2
You barely miss the jackal. Your bite misses the jackal.
The jackal is severely wounded.
The jackal bites you.
You scratch the jackal.
The jackal is almost dead.
The jackal bites you.
* * * LOW HITPOINT WARNING * * *
The jackal barely misses you. The jackal bites you.
You die...

###
#@#
#h#
#.#
#.#
#...#
#..h#
#!#.#
#.#..
....#.


You could see a jackal.

Vanquished Creatures
  A giant cockroach (D:1)
  2 goblins (D:1)
  4 hobgoblins
  A jackal (D:2)
  2 kobolds
  2 bats (D:1)
  A frilled lizard (D:1)
  8 rats
21 creatures vanquished.

Notes
Turn   | Place    | Note
-------+----------+-------------------------------------------
     0 | D:1      | Marcoleric the Felid Conjurer began the quest for the Orb.
     0 | D:1      | Reached XP level 1. HP: 7/7 MP: 4/4
   323 | D:1      | Reached XP level 2. HP: 11/11 MP: 6/6
   814 | D:1      | Reached skill level 4 in Conjurations
   983 | D:2      | Slain by a jackal

Skill      XL: |  1  2 |
---------------+-------+-----
Stealth        | 3 |  3.1
Conjurations   | 4 |  4.0
Fighting       | |  0.1
Dodging        | |  2.9
Unarmed Combat | |  0.2
Spellcasting   | |  2.1

Action                   || total
-------------------------++-------
Melee: Unarmed           ||    31
       Bite              ||     1
 Cast: Magic Dart        ||    32
  Use: Scroll            ||     3
 Stab: Sleeping          ||     5
Armor: Skin              ||     2
Dodge: Dodged            ||    35
